 Dungeon Crawl Stone Soup version 0.17-a0-1295-gefc790a (webtiles) character file.

46 Max123 the Stinger (level 3, -7/16 HPs)
             Began as a Spriggan Venom Mage on June 7, 2015.
             Killed by nerve-wracking pain
             ... invoked by an orc priest
              (14 damage)
             ... on level 2 of the Dungeon.
             The game lasted 00:23:36 (2976 turns).

Max123 the Stinger (Spriggan Venom Mage)            Turns: 2976, Time: 00:23:36

Health: -7/16      AC:  2    Str:  4    XL:     3   Next: 44%
Magic:  6/8        EV: 18    Int: 17    God:
Gold:   102        SH:  0    Dex: 16    Spells: 2 memorised, 5 levels left

rFire  . . .     SeeInvis +     k - +0 short sword
rCold  . . .     Clarity  .     a - +0 robe
rNeg   . . .     SustAt   .     (shield restricted)
rPois  .         Gourm    .     (helmet restricted)
rElec  .         Spirit   .     (no cloak)
rCorr  .         Warding  .     (gloves unavailable)
rMut   .         Stasis   .     (boots unavailable)
MR     .....                    (no amulet)
Stlth  +++.......               (no ring)
                                (no ring)

@: very quick, not resistant to hostile enchantments, fairly stealthy
A: unfitting armour, see invisible, herbivore 3, speed 3, slow metabolism 2
a: no special abilities


You were on level 2 of the Dungeon.
You were not hungry.

You visited 1 branch of the dungeon, and saw 3 of its levels.

You collected 102 gold pieces.

Inventory:

Hand weapons
 k - a +0 short sword (weapon)
Missiles
 d - 112 stones (quivered)
Armour
 a - a +0 robe (worn)
Scrolls
 e - a scroll of identify {unknown}
 i - 2 scrolls of recharging {unknown}
 l - a scroll of magic mapping {unknown}
 n - a scroll of enchant armour {unknown}
Potions
 h - 2 potions of haste {unknown}
 j - a potion of resistance {unknown}
 m - 2 potions of heal wounds {unknown}
Books
 b - a Young Poisoner's Handbook

   Spells                             Type                      Level
   a - Sting                          Conjuration/Poison           1
   b - Cure Poison                    Poison                       2
   c - Mephitic Cloud                 Conjuration/Poison/Air       3
   d - Olgreb's Toxic Radiance        Poison                       4
   e - Venom Bolt                     Conjuration/Poison           5
Comestibles
 c - 2 bread rations
 f - a fruit
 g - a slice of pizza


   Skills:
 - Level 3.0 Dodging
 - Level 3.0 Stealth
 + Level 0.1 Unarmed Combat
 * Level 3.4 Spellcasting
 + Level 1.0 Conjurations
 + Level 4.5 Poison Magic


You had 5 spell levels left.
You knew the following spells:

 Your Spells              Type           Power        Failure   Level  Hunger
a - Sting                 Conj/Pois      ##..         6%          1    None
b - Cure Poison           Pois           ###.......   4%          2    ##.....


Dungeon Overview and Level Annotations

Branches:
Dungeon (3/15)

Altars:

Annotations:
D:3 SWAGNEMITE's ghost, average SpEn


Innate Abilities, Weirdness & Mutations

You are tiny and cannot use many weapons and most armour.
You have supernaturally acute eyesight.
You are a herbivore.
You cover ground extremely quickly.
You need consume almost no food.


Message History

Magic restored.
You start resting.
Casting: Sting
Confirm with . or Enter, or press ? or * to list all spells.
Aiming: Sting
Press: ? - help, Shift-Dir - straight line, f - orc priest
Aim: an orc priest, wielding a war axe (hasn't noticed you)
The sting hits the orc priest.
The orc priest is lightly wounded.
The orc priest shouts!
Casting: Sting
Confirm with . or Enter, or press ? or * to list all spells.
Aiming: Sting
Press: ? - help, Shift-Dir - straight line, f/p - orc priest
Aim: an orc priest, wielding a war axe (lightly wounded)
The sting misses the orc priest.
The orc priest calls down the wrath of Beogh upon you.
Pain shoots through your body!
Ouch! That really hurt!
You die...

#.#.#.#......(....
#.#.#.#.......####
#.#.#.#####...####
#.#.#.o...........
###.#.######.....###
#...#......'.....#
###.########.....#
#.# #.....# #@#
###'#.# #.# ##'#'###
#.# #......# #o#
#######......# #.#
#....##.......
#.###.............
#...'...........[.
#####......#'#'#..
#......#.#.#..


You could see an orc priest.

Vanquished Creatures
  An adder (D:2)
  An ooze (D:2)
  A worm (D:2)
  A giant gecko (D:2)
  2 orcs
  2 bats (D:2)
  3 giant cockroaches (D:1)
  4 hobgoblins (D:2)
  A ball python (D:2)
  4 goblins
  3 kobolds
  4 rats
27 creatures vanquished.

Notes
Turn   | Place    | Note
--------------------------------------------------------------
     0 | D:1      | Max123 the Spriggan Venom Mage began the quest for the Orb.
     0 | D:1      | Reached XP level 1. HP: 9/9 MP: 5/5
   895 | D:1      | You fall through a shaft!
   988 | D:2      | Reached XP level 2. HP: 13/13 MP: 4/6
  1031 | D:2      | Learned a level 2 spell: Cure Poison
  1565 | D:2      | Reached XP level 3. HP: 16/16 MP: 1/8
  1933 | D:2      | Reached skill level 1 in Conjurations
  2296 | D:3      | Noticed SWAGNEMITE's ghost (average SpEn)
  2976 | D:2      | Killed from afar by an orc priest

Vault maps used:
D:1:      onia_arrival_mini_maze_b
D:2:      first_bread, minivault_14, minmay_misc_feat_more_columns
D:3:      nicolae_overflow_crystal_walls

Action                   || total
-------------------------++-------
Melee: Unarmed           ||    10
       Short sword       ||     2
 Cast: Sting             ||    88
 Stab: Sleeping          ||     1
